 Dungeon Crawl Stone Soup version 0.16.0-17-g811c1d7 (webtiles) character file.

723 timbw the Covert (level 7, 0/48 HPs)
             Began as a Spriggan Ice Elementalist on Mar 20, 2015.
             Slain by a death yak (22 damage)
             ... on level 9 of the Dungeon.
             The game lasted 00:11:04 (3178 turns).

timbw the Covert (Spriggan Ice Elementalist)        Turns: 3178, Time: 00:11:05

Health: 0/48       AC:  3    Str:  9    XL:     7   Next: 43%
Magic:  19/19      EV: 23    Int: 17    God:
Gold:   258        SH:  0    Dex: 18    Spells: 1 memorised, 10 levels left

rFire  . . .     SeeInvis +     h - -1 dagger
rCold  . . .     Clarity  .     a - +1 robe
rNeg   + . .     SustAb   .     (shield restricted)
rPois  +         Gourm    .     (helmet restricted)
rElec  .         Spirit   .     (no cloak)
rCorr  .         Warding  +     (gloves unavailable)
rMut   .         Stasis   .     (boots unavailable)
MR     +....                    q - amulet of warding
Stlth  ..........               s - ring of wizardry
                                k - ring of poison resistance

@: berserking, very quick, somewhat resistant to hostile enchantments, extremely
unstealthy
A: unfitting armour, see invisible, herbivore 3, speed 3, slow metabolism 2
a: no special abilities


You were on level 9 of the Dungeon.
You were full.

You visited 1 branch of the dungeon, and saw 10 of its levels.
You also visited: Sewer.

You collected 258 gold pieces.

Inventory:

Hand weapons
 h - a -1 dagger (weapon)
Missiles
 w - 4 tomahawks (quivered)
Armour
 a - a +1 robe (worn)
 v - a cursed +0 robe
Magical staves
 B - an uncursed staff of earth {unknown}
Jewellery
 k - a ring of poison resistance (left hand)
 q - an amulet of warding (around neck)
 s - a ring of wizardry (right hand)
 y - an uncursed amulet of stasis
Magical devices
 d - a wand of paralysis (12)
 A - a wand of disintegration (4)
Scrolls
 e - 2 scrolls of teleportation
 f - 3 scrolls of remove curse
 g - a scroll of recharging
 l - a scroll of magic mapping
 m - a scroll of fear
 z - 3 scrolls of immolation
Potions
 n - a potion of berserk rage
 o - a potion of lignification {unknown}
 r - a potion of might {unknown}
 t - a potion of heal wounds {unknown}
 u - a potion of haste {unknown}
 x - a potion of flight {unknown}
Books
 b - a book of Frost

   Spells                             Type                      Level
   a - Freeze                         Ice                          1
   b - Throw Frost                    Conjuration/Ice              2
   c - Ozocubu's Armour               Charms/Ice                   3
   d - Throw Icicle                   Conjuration/Ice              4
   e - Summon Ice Beast               Ice/Summoning                4
   f - Condensation Shield            Ice                          4
 p - a book of Flames

   Spells                             Type                      Level
   a - Flame Tongue                   Conjuration/Fire             1
   b - Throw Flame                    Conjuration/Fire             2
   c - Conjure Flame                  Conjuration/Fire             3
   d - Inner Flame                    Hexes/Fire                   3
   e - Sticky Flame                   Conjuration/Fire             4
   f - Fireball                       Conjuration/Fire             5
Comestibles
 c - 2 bread rations
 i - a slice of pizza
 j - 4 fruits


   Skills:
 + Level 5.0 Short Blades
 + Level 7.2 Dodging
 + Level 8.1 Stealth
 - Level 2.6 Spellcasting
   Level 0.6 Conjurations
 - Level 2.4 Ice Magic


You had 10 spell levels left.
You knew the following spells:

 Your Spells              Type           Power        Failure   Level  Hunger
a - Freeze                Ice            ##..         4%          1    #......


Dungeon Overview and Level Annotations

Branches:
Dungeon (10/15)            Temple (0/1) D:6            Lair (0/8) D:9
    Orc: D:9-12

Altars:
Fedhas
Gozag
Sif Muna

Annotations:
D:5 Pikel
D:6 Prince Ribbit
D:8 Grum


Innate Abilities, Weirdness & Mutations

You are tiny and cannot use many weapons and most armour.
You have supernaturally acute eyesight.
You are a herbivore.
You cover ground extremely quickly.
You need consume almost no food.


Message History

A death yak comes into view.
The death yak bellows!
A giant frog comes into view.
The phantom blinks!
Found 13 poisoned needles.
A spiny frog comes into view.
Drink which item? (? for menu, Esc to quit)
It was a potion of berserk rage.
A red film seems to cover your vision as you go berserk!
You feel yourself moving faster!
You feel mighty!
The spiny frog gives a loud, deep croak!
The sheep bites you but does no damage.
You barely miss the giant frog.
The kobold throws a stone.
The stone closely misses you.
The phantom blinks!
The giant frog misses you.
You feel a strong urge to attack something.
A scorpion comes into view.
The giant frog misses you.
The kobold throws a stone.
The stone completely misses you. The death yak gores you!!
You die...

. #.# ######..
.....(..#####
...............
s..............#
..........K....#
...........F....#
........@.......#
.......YF......##
.....(...Y......#
................#
........(.....W.#
............#####
............##
######............#
........a.........#


You could see a death yak, a spiny frog, a phantom, a giant frog, a scorpion, a
sheep and a kobold.

Vanquished Creatures
  A yak (D:9)
  A wolf (D:9)
  A water moccasin skeleton (D:5)
  4 hounds (D:4)
  A worker ant (D:5)
  Natasha (thrice) (D:3)
  An iguana (D:5)
  Jessica (D:3)
  4 river rats (Sewer)
  5 adders
  3 giant mites
  A worm (D:2)
  7 orcs
  6 bats
  5 giant cockroaches
  7 hobgoblins
  6 jackals
  2 kobolds
  4 ball pythons
  2 giant geckos
  9 giant newts
  7 goblins
  A quokka (D:2)
  16 rats
98 creatures vanquished.

Notes
Turn   | Place    | Note
--------------------------------------------------------------
     0 | D:1      | timbw, the Spriggan Ice Elementalist, began the quest for the Orb.
     0 | D:1      | Reached XP level 1. HP: 9/9 MP: 4/4
    97 | D:1      | Reached XP level 2. HP: 11/13 MP: 0/7
   169 | D:1      | Reached skill level 4 in Stealth
   462 | D:2      | Reached skill level 1 in Short Blades
   462 | D:2      | Reached XP level 3. HP: 7/16 MP: 1/9
   948 | D:3      | Found a blossoming altar of Fedhas.
  1073 | D:3      | Noticed Natasha
  1083 | D:3      | Killed Natasha
  1083 | D:3      | Reached skill level 5 in Stealth
  1083 | D:3      | Reached XP level 4. HP: 21/21 MP: 5/12
  1195 | D:3      | Noticed Natasha
  1202 | D:3      | Killed Natasha
  1398 | D:3      | Found a glowing drain.
  1402 | Sewer    | Entered a sewer
  1502 | Sewer    | Reached XP level 5. HP: 20/24 MP: 11/14
  1633 | D:3      | Found a deep blue altar of Sif Muna.
  1640 | D:3      | Noticed Natasha
  1643 | D:3      | Killed Natasha
  1724 | D:3      | Noticed Jessica
  1769 | D:3      | Killed Jessica
  1769 | D:3      | Reached skill level 5 in Dodging
  1814 | D:4      | Reached skill level 6 in Stealth
  1904 | D:4      | Reached XP level 6. HP: 28/28 MP: 17/17
  2011 | D:5      | Entered Level 5 of the Dungeon
  2126 | D:5      | Reached skill level 7 in Stealth
  2267 | D:5      | Found an opulent altar of Gozag.
  2281 | D:5      | Noticed Pikel
  2323 | D:6      | Found a staircase to the Ecumenical Temple.
  2328 | D:6      | Noticed Prince Ribbit
  2620 | D:8      | Noticed a wolf
  2623 | D:8      | Noticed a wolf
  2625 | D:8      | Noticed Grum
  2730 | D:9      | Killed a wolf
  2730 | D:9      | Reached XP level 7. HP: 6/32 MP: 19/19
  2956 | D:9      | Noticed a yak
  2964 | D:9      | Noticed a yak
  2966 | D:9      | Killed a yak
  2966 | D:9      | Reached skill level 5 in Short Blades
  2966 | D:9      | Reached skill level 8 in Stealth
  2968 | D:9      | Noticed a yak
  2969 | D:9      | Noticed a yak
  2971 | D:9      | Noticed a yak
  2973 | D:9      | Noticed a yak
  2987 | D:10     | Entered Level 10 of the Dungeon
  3057 | D:9      | Noticed a deep elf mage
  3168 | D:9      | Found a staircase to the Lair.
  3171 | D:9      | Noticed a death yak
  3174 | D:9      | Noticed a spiny frog
  3178 | D:9      | Slain by a death yak

Action                   |  1- 3 |  4- 6 |  7- 9 || total
-------------------------+-------+-------+-------++-------
Melee: Dagger            |    83 |    74 |     8 ||   165
       Unarmed           |     1 |       |       ||     1
 Cast: Freeze            |    38 |    58 |       ||    96
Evoke: Wand              |       |     1 |     3 ||     4
  Use: Scroll            |       |     9 |     1 ||    10
       Potion            |       |     1 |     1 ||     2
 Stab: Sleeping          |     5 |    21 |       ||    26
       Paralysed         |       |     1 |     1 ||     2
  Eat: Bread ration      |       |       |     1 ||     1
